 Dungeon Crawl Stone Soup version 0.29.1-15-g9cfb28693d (webtiles) character file.

Game seed: 16476228913574559759

25 H0rd4k the Charlatan (level 3, 0/24 HPs)
             Began as an Octopode Artificer on Apr 12, 2023.
             Slain by a hobgoblin (3 damage)
             ... led by Robin
             ... on level 2 of the Dungeon.
             The game lasted 00:00:40 (1247 turns).

H0rd4k the Charlatan (Octopode Artificer)           Turns: 1247, Time: 00:00:40

Health: 0/24       AC:  1    Str: 11    XL:     3   Next: 6%
Magic:  0/4        EV: 13    Int: 15    God:
Gold:   5          SH:  0    Dex: 12    Spells: 4/4 levels left

rFire   . . .      SeeInvis .   (no weapon)
rCold   . . .      Faith    .   (no shield)
rNeg    . . .      Spirit   +   (helmet restricted)
rPois   .          Reflect  .   h - amulet of guardian spirit
rElec   .          Harm     .   (no ring)
rCorr   .          Rampage  .   (no ring)
Will    .....                   (no ring)
Stlth   +++.......              (no ring)
HPRegen 0.08/turn               (no ring)
MPRegen 0.09/turn               (no ring)
                                (no ring)
                                (no ring)

@: no status effects
A: almost no armour, amphibious, 8 rings, camouflage 1, gelatinous body 1,
(nimble swimmer 1), tentacles
a: no special abilities


You were on level 2 of the Dungeon.
You visited 1 branch of the dungeon, and saw 2 of its levels.

You collected 5 gold pieces.

Inventory:

Hand Weapons
 i - a +1 dagger of speed
Jewellery
 h - an amulet of guardian spirit (around mantle)
Wands
 b - a wand of flame (15) (quivered)
 c - a wand of charming (15)
 d - a wand of iceblast (5)
Scrolls
 j - 2 scrolls of immolation {unknown}
 k - 2 scrolls of identify {unknown}
Potions
 a - a potion of attraction {unknown}
 e - 2 potions of might {unknown}
 f - a potion of flight {unknown}
 g - 3 potions of mutation {unknown}


   Skills:
 * Level 2.0 Fighting
 - Level 2.3 Dodging
 - Level 1.3 Stealth
 + Level 0.6 Unarmed Combat
 * Level 1.3 Spellcasting
 - Level 3.2 Evocations


You had 4 spell levels left.
You didn't know any spells.
Your spell library contained the following spells:

 Spells                   Type           Power      Damage    Failure   Level
 Ensorcelled Hibernation  Hex/Ice        0%         N/A       36%         2
 Spider Form              Tmut/Pois      0%         N/A       58%         3
 Anguish                  Hex/Necr       0%         N/A       94%         4


Dungeon Overview and Level Annotations

Branches:
Dungeon (2/15)

Altars:

Shops:
D:1 (


Innate Abilities, Weirdness & Mutations

You cannot wear most types of armour.
You are amphibious.
You can wear up to eight rings at the same time.
Your skin changes colour to match your surroundings (Stealth+).
Your rubbery body absorbs attacks. (AC +1, EV +1)
((You are camouflaged when in or above water. (Stealth+)))
You have tentacles for arms and can constrict up to eight enemies at once.


Message History

The goblin shouts!
The hobgoblin shouts!
Robin shouts!
You hear a shout!
The hobgoblin shouts! x2; You hear a shout!
The goblin shouts! x2
There is a stone staircase leading up here.
There are monsters nearby!
There are monsters nearby!
You tentacle-slap Robin but do no damage.
You grab Robin. You squeeze Robin!
Robin is severely wounded.
You constrict Robin. The hobgoblin hits you.
A goblin comes into view. It is wielding a +0 dagger.
The hobgoblin hits you. The goblin closely misses you.
There are monsters nearby!
You tentacle-slap Robin. You squeeze Robin.
Robin is almost dead.
You constrict Robin, but do no damage. The hobgoblin closely misses you.
The hobgoblin barely misses you. The goblin hits you with a +0 club.
There are monsters nearby!
You tentacle-slap Robin but do no damage.
You squeeze Robin.
You kill Robin!
The hobgoblin hits you. The goblin barely misses you.
Your Fighting skill increases to level 2!
You have reached level 3!
Your experience leads to an increase in your attributes!
Increase (S)trength, (I)ntelligence, or (D)exterity?
You feel clever. x2
You closely miss the hobgoblin. Your grab misses the hobgoblin.
The hobgoblin closely misses you. The hobgoblin barely misses you.
The hobgoblin hits you. The goblin hits you with a +0 club.
You tentacle-slap the hobgoblin but do no damage.
Your grab misses the hobgoblin. The hobgoblin hits you. x2
* * * LOW HITPOINT WARNING * * *
The hobgoblin closely misses you. The goblin hits you with a +0 club.
* * * LOW HITPOINT WARNING * * *
You tentacle-slap the hobgoblin. Your grab misses the hobgoblin.
The hobgoblin is heavily wounded.
The hobgoblin hits you.
* * * LOW HITPOINT WARNING * * *
The hobgoblin closely misses you. The hobgoblin hits you.
You die... ## #g .##.##g####.# .....gg@g...# ....##g###### . .gg ###. #. #. #. ..

You could see 4 hobgoblins and 4 goblins.

Vanquished Creatures
  Robin (D:2)
  2 ball pythons (D:1)
  An endoplasm (D:1)
  3 goblins (D:1)
  2 jackals (D:1)
  A quokka (D:1)
  A bat (D:1)
  A frilled lizard (D:1)
  A kobold (D:1)
  A rat (D:1)
14 creatures vanquished.

Notes
Turn   | Place    | Note
-------+----------+-------------------------------------------
     0 | D:1      | H0rd4k the Octopode Artificer began the quest for the Orb.
     0 | D:1      | Reached XP level 1. HP: 13/13 MP: 1/1
   437 | D:1      | Reached XP level 2. HP: 10/18 MP: 1/3
   872 | D:1      | Found Fogrijepe's Weapon Shop.
   906 | D:1      | Reached skill level 1 in Spellcasting
  1241 | D:2      | Noticed Robin
  1244 | D:2      | Killed Robin
  1245 | D:2      | Reached XP level 3. HP: 17/24 MP: 2/4
  1247 | D:2      | Slain by a hobgoblin

Illustrated notes

Levels and vault maps discovered:
D:1:      heliophobic_arrival_enchanted_forest, layout_loops_ring, serial_shops,
          shop
D:2:      layout_loops_ring, serial_park_tiny_2, minivault_11,
          minmay_pentomino_z4, uniq_robin

Skill      XL: |  1  2 |
---------------+-------+-----
Spellcasting   | 1 |  1.3
Fighting       | 2 |  2.0
Dodging        | |  2.3
Stealth        | |  1.3
Unarmed Combat | |  0.6
Evocations     | |  3.2

Action                   || total
-------------------------++-------
Melee: Unarmed           ||    37
       Constrict         ||     6
       Tentacles         ||    10
 Stab: Sleeping          ||     6
Armor: Skin              ||     4
Dodge: Dodged            ||    27
